 Dungeon Crawl Stone Soup version 0.18-a0-1323-g706dcef (webtiles) character file.

875 namelastname112 the Twirler (level 7, 0/61 HPs)
             Began as a Mottled Draconian Gladiator on Feb 15, 2016.
             Was a Follower of Elyvilon.
             Slain by a phantom (7 damage)
             ... on level 6 of the Dungeon.
             The game lasted 00:05:12 (4013 turns).

namelastname112 the Twirler (DrGl)                  Turns: 4013, Time: 00:05:12

Health: 0/61       AC:  9    Str: 18    XL:     7   Next: 74%
Magic:  9/9        EV: 13    Int:  8    God:    Elyvilon [*.....]
Gold:   301        SH:  0    Dex: 13    Spells: 0 memorised, 6 levels left

rFire  . . .     SeeInvis .     a - +0 quarterstaff
rCold  . . .     Gourm    .     (armour unavailable)
rNeg   . . .     Faith    .     (shield currently unavailable)
rPois  .         Spirit   .     b - +0 hat
rElec  .         Dismiss  .     (no cloak)
rCorr  .         Reflect  .     i - +2 pair of gloves
SustAt .         Harm     .     (no boots)
MR     .....                    (no amulet)
Stlth  +.........               (no ring)
                                (no ring)

@: drained, not resistant to hostile enchantments, very unstealthy
A: breathe sticky flame splash, unfitting armour, cold-blooded, AC +6
a: Breathe Sticky Flame, Lesser Healing, Divine Protection, Renounce Religion


You were on level 6 of the Dungeon.
You worshipped Elyvilon.
Elyvilon was aware of your devotion.
You were not hungry.

You visited 2 branches of the dungeon, and saw 7 of its levels.

You collected 301 gold pieces.

Inventory:

Hand Weapons
 a - a +0 quarterstaff (weapon)
Missiles
 c - 3 throwing nets (quivered)
Armour
 b - a +0 hat (worn)
 i - a +2 pair of gloves (worn)
Wands
 v - a wand of acid (5/15)
 B - a wand of slowing (28/48)
 C - a wand of iceblast (7/15)
Scrolls
 e - 2 scrolls of amnesia {unknown}
 f - 2 scrolls of noise {unknown}
 h - a scroll of fog {unknown}
 j - 5 scrolls of identify {unknown}
 k - 3 scrolls of teleportation {unknown}
 o - 4 scrolls of remove curse {unknown}
 q - a scroll of magic mapping {unknown}
 r - a scroll of fear {unknown}
 x - a scroll of random uselessness {unknown}
 y - a scroll of enchant weapon {unknown}
Potions
 g - 4 potions of curing
 l - a potion of cancellation {unknown}
 n - a potion of brilliance {unknown}
 p - 2 potions of agility {unknown}
 w - a potion of lignification {unknown}
 A - a potion of heal wounds {unknown}
Comestibles
 d - 6 bread rations
 m - a beef jerky
 t - a slice of pizza
 u - a meat ration


   Skills:
 + Level 5.0(3.9) Fighting
 * Level 6.4(5.3) Staves
 - Level 1.7(0.7) Throwing
 + Level 4.3(3.2) Dodging
 * Level 3.5(2.4) Invocations


You had 6 spell levels left.
You didn't know any spells.

Dungeon Overview and Level Annotations

Branches:
Dungeon (6/15)             Temple (1/1) D:4

Altars:
Ashenzari
Cheibriados
Dithmenos
Elyvilon
Gozag
Kikubaaqudgha
Makhleb
Nemelex Xobeh
Okawaru
Pakellas
Qazlal
Ru
Sif Muna
Trog
Vehumet
Yredelemnul
Zin
The Shining One


Innate Abilities, Weirdness & Mutations

You can spit globs of burning liquid.
You can ignite nearby creatures when you spit burning liquid.
Your weird mottled scales are hard (AC +6).
Your body does not fit into most forms of armour.
You are cold-blooded and may be slowed by cold attacks.


Message History

The phantom is moderately damaged.
The worker ant zombie closely misses you.
The phantom barely misses you.
You closely miss the phantom.
The phantom is moderately damaged.
The worker ant zombie closely misses you.
The phantom blinks!
You barely miss the worker ant zombie. You tail-slap the worker ant zombie.
You destroy the worker ant zombie!
Drink which item? (? for menu, Esc to quit)
You can't drink that!
Unknown command.
Drink which item? (? for menu, Esc to quit)
You feel better. The phantom hits you!
* * * LOW HITPOINT WARNING * * *
You barely miss the phantom.
The phantom is moderately damaged.
The phantom hits you!
You die...

#.# ###.# #.).# #.#.## ..
#.#..# .. #)##.##.####
######## #)##.....(..
##......## #.#.........
##....W...## #.@W........
#..........####..!........
#..........##.........%...
#.........................
#...........####..........
#......$....# ##.........
#.....<....# ##.......
##........### #.####
#..........# .#


You could see a phantom.

Vanquished Creatures
  A two-headed ogre (D:6)
  A centaur (D:5)
  3 wights (D:6)
  A centaur zombie (D:5)
  A quasit (D:5)
  An orc priest (D:4)
  A centaur skeleton (D:4)
  2 hounds
  Jessica (D:3)
  A giant frog skeleton (D:4)
  Terence (D:2)
  4 worker ants (D:4)
  A worker ant zombie (D:6)
  4 adders (D:4)
  An adder skeleton (D:4)
  A worm (D:4)
  4 giant geckos
  8 orcs
  6 giant cockroaches
  6 goblins
  7 hobgoblins
  5 kobolds
  5 bats
  6 giant newts
  A jackal skeleton (D:4)
  A quokka skeleton (D:4)
  7 rats
81 creatures vanquished.

Notes
Turn   | Place    | Note
--------------------------------------------------------------
     0 | D:1      | namelastname112 the Draconian Gladiator began the quest for the Orb.
     0 | D:1      | Reached XP level 1. HP: 17/17 MP: 1/1
   301 | D:1      | Reached XP level 2. HP: 25/25 MP: 2/2
  1000 | D:2      | Reached XP level 3. HP: 29/31 MP: 3/3
  1346 | D:2      | Noticed Terence
  1354 | D:2      | Killed Terence
  1426 | D:2      | Reached skill level 4 in Staves
  1661 | D:3      | Noticed Jessica
  1674 | D:3      | Killed Jessica
  1674 | D:3      | Reached XP level 4. HP: 30/38 MP: 4/4
  2159 | D:4      | Reached XP level 5. HP: 36/46 MP: 5/5
  2520 | D:4      | Reached skill level 5 in Staves
  2559 | D:4      | Reached XP level 6. HP: 18/53 MP: 6/6
  2835 | D:4      | Found an opulent altar of Gozag.
  2847 | D:4      | Found a staircase to the Ecumenical Temple.
  2860 | Temple   | Entered the Ecumenical Temple
  2907 | Temple   | Became a worshipper of Elyvilon the Healer
  3164 | D:5      | Entered Level 5 of the Dungeon
  3263 | D:5      | Reached skill level 1 in Invocations
  3282 | D:5      | Reached * piety under Elyvilon
  3438 | D:5      | Reached XP level 7. HP: 56/60 MP: 8/8
  3438 | D:5      | Your scales start taking on a weird mottled colour.
  3657 | D:6      | Noticed a two-headed ogre
  3667 | D:6      | Killed a two-headed ogre
  3667 | D:6      | Reached skill level 6 in Staves
  3982 | D:6      | Reached skill level 5 in Fighting
  4013 | D:6      | Slain by a phantom

Vault maps used:
D:1:      minmay_arrival_diagonal_passages
D:2:      corexii_corridor_pit, uniq_terence
D:3:      first_bread, uniq_jessica
D:4:      grunt_gozag_statues
D:6:      fedhas_altar_decomposition, minmay_crystal_room, uniq_blork_the_orc
Temple:   grunt_circular_temple_18

Action                   |  1- 3 |  4- 6 |  7- 9 || total
-------------------------+-------+-------+-------++-------
Melee: Quarterstaff      |    77 |   134 |    43 ||   254
 Abil: Breathe Sticky Fl |       |       |     2 ||     2
  Use: Potion            |       |     1 |     1 ||     2
 Stab: Sleeping          |       |     3 |       ||     3
  Eat: Chunk             |     2 |     6 |       ||     8
       Royal jelly       |       |       |     1 ||     1
